NWL (28 & UNDER)
CULVER CITY EXTRAS @ BALZAC RAMS
05/08/2029
 
TOP OF THE 1ST
Culver City Extras batting - Pitching for Balzac Rams : RHP Henry Carroll
Pitching: RHP Henry Carroll
Batting: RHB Horace Johnson 0-0: Called Strike
0-1: Ball
1-1: Foul Ball, location: 2F
1-2: SINGLE (Groundball, 3D)
Batting: LHB Jorge Martínez 0-0: Ball
1-0: Swinging Strike
1-1: Ball
2-1: Swinging Strike
2-2: Ball
3-2: Strikes out swinging
Batting: LHB Randy Wiggins 0-0: SINGLE (Groundball, 4MD)
Horace Johnson to second
Batting: LHB Tony Smith 0-0: Ball
1-0: Ball
2-0: Foul Ball, location: 2F
2-1: Foul Ball, location: 2F
2-2: SINGLE (Line Drive, 78M)
Horace Johnson to third
Randy Wiggins to second
Runner from 3rd tries for Home, SAFE, no throw
Batting: SHB Joey Boyd 0-0: Ball
1-0: Foul Ball, location: 2F
1-1: Ball
2-1: SINGLE (Line Drive, 6)
Randy Wiggins to third
Tony Smith to second
Runner from 3rd tries for Home, SAFE, no throw
Batting: LHB Richard Bell 0-0: Grounds into double play, 2-6-3 (Groundball, 2R)
Top of the 1st over - 2 runs, 4 hits, 0 errors, 1 left on base; Culver City 2 - Balzac 0
BOTTOM OF THE 1ST
Balzac Rams batting - Pitching for Culver City Extras : LHP Sebastián Cervantes
Pitching: LHP Sebastián Cervantes
Batting: SHB Emílio Calvillo 0-0: Ball
1-0: Ball
2-0: Called Strike
2-1: Foul Ball, location: 2F
2-2: Fly out, F7 (Flyball, 7)
Batting: RHB Tommy Wilson 0-0: Ball
1-0: Foul Ball, location: 2F
1-1: Ball
2-1: Ball
3-1: Base on Balls
Batting: RHB Gunner Allen 0-0: Fly out, F8 (Flyball, 8RM)
Batting: RHB Ken Longoria 0-0: Ball
1-0: SINGLE (Line Drive, 9S)
Tommy Wilson to second
Batting: RHB Santiago Rivera 0-0: Called Strike
0-1: Ball
1-1: Called Strike
1-2: Ball
2-2: Strikes out looking
Bottom of the 1st over - 0 runs, 1 hit, 0 errors, 2 left on base; Culver City 2 - Balzac 0
TOP OF THE 2ND
Culver City Extras batting - Pitching for Balzac Rams : RHP Henry Carroll
Batting: LHB Buddy Rice 0-0: Fly out, F5 (Popup, 5SF)
Batting: RHB Dave Anderson 0-0: Swinging Strike
0-1: Foul Ball, location: 2F
0-2: Ball
1-2: Foul Ball, location: 2F
1-2: Strikes out swinging
Batting: RHB Robert Koremans 0-0: Called Strike
0-1: Fly out, F9 (Flyball, 9)
Top of the 2nd over - 0 runs, 0 hits, 0 errors, 0 left on base; Culver City 2 - Balzac 0
BOTTOM OF THE 2ND
Balzac Rams batting - Pitching for Culver City Extras : LHP Sebastián Cervantes
Batting: RHB Jason Ward 0-0: Swinging Strike
0-1: SOLO HOME RUN (Flyball, 8RD) (Inside the Park)
Batting: LHB Troy Jackson 0-0: Bunt missed!
0-1: Ball
1-1: SINGLE (Line Drive, 4M)
Batting: RHB Lorenzo Silva 0-0: Ball
1-0: Ball
2-0: Ball
3-0: Base on Balls
Troy Jackson to second
Batting: RHB Ricardo Muńóz 0-0: Ball
1-0: Ball
2-0: Foul Ball, location: 2F
2-1: Ball
3-1: Base on Balls
Troy Jackson to third
Lorenzo Silva to second
Batting: SHB Emílio Calvillo 0-0: Ball
1-0: Ball
2-0: Ball
3-0: Base on Balls
Troy Jackson scores
Lorenzo Silva to third
Ricardo Muńóz to second
Batting: RHB Tommy Wilson 0-0: Swinging Strike
0-1: Called Strike
0-2: Foul Ball, location: 2F
0-2: Strikes out swinging
Batting: RHB Gunner Allen 0-0: Ball
1-0: Ball
2-0: Ball
3-0: Called Strike
3-1: Base on Balls
Lorenzo Silva scores
Ricardo Muńóz to third
Emílio Calvillo to second
Batting: RHB Ken Longoria 0-0: Fielders Choice at 2nd, 3-6 (Groundball, 3D)
Ricardo Muńóz scores
Emílio Calvillo to third
Batting: RHB Santiago Rivera 0-0: Called Strike
0-1: Called Strike
0-2: Foul Ball, location: 2F
0-2: Foul Ball, location: 2F
0-2: Ball
1-2: Fielders Choice at 2nd, 5-4 (Groundball, 56)
Bottom of the 2nd over - 4 runs, 2 hits, 0 errors, 2 left on base; Culver City 2 - Balzac 4
TOP OF THE 3RD
Culver City Extras batting - Pitching for Balzac Rams : RHP Henry Carroll
Batting: RHB Horace Johnson 0-0: Foul Ball, location: 2F
0-1: Ball
1-1: SINGLE (Groundball, 4D)
Pitching: LHP Nick Johnson
Batting: LHB Jorge Martínez Balk!
Horace Johnson to second
0-0: Ball
1-0: Ball
2-0: SINGLE (Line Drive, 8RS)
Horace Johnson to third
Runner from 3rd tries for Home, SAFE, throw made home
Batting: LHB Randy Wiggins 0-0: Ball
1-0: Called Strike
Jorge Martínez steals 2nd base
1-1: Foul Ball, location: 2F
1-2: Ball
2-2: Strikes out swinging
Batting: LHB Tony Smith 0-0: Foul Ball, location: 2F
0-1: Foul Ball, location: 2F
0-2: Foul Ball, location: 2F
0-2: Ball
Wild Pitch!
Jorge Martínez to third
1-2: Strikes out swinging, 2-3 out at first.
Batting: SHB Joey Boyd 0-0: Foul Ball, location: 2F
0-1: Foul Ball, location: 2F
0-2: Strikes out swinging, 2-3 out at first.
Top of the 3rd over - 1 run, 2 hits, 0 errors, 1 left on base; Culver City 3 - Balzac 4
BOTTOM OF THE 3RD
Balzac Rams batting - Pitching for Culver City Extras : LHP Sebastián Cervantes
Batting: RHB Jason Ward 0-0: Foul Ball, location: 2F
0-1: Fly out, F8 (Flyball, 8LS)
Batting: LHB Troy Jackson 0-0: Ball
1-0: SINGLE (Line Drive, 6)
Batting: RHB Lorenzo Silva 0-0: Ball
1-0: Ball
2-0: Called Strike
2-1: Foul Ball, location: 2F
2-2: Fly out, F8 (Flyball, 8LM)
Batting: RHB Ricardo Muńóz 0-0: Ball
1-0: Ball
2-0: Ball
3-0: Called Strike
3-1: Fly out, F9 (Flyball, 9)
Bottom of the 3rd over - 0 runs, 1 hit, 0 errors, 1 left on base; Culver City 3 - Balzac 4
TOP OF THE 4TH
Culver City Extras batting - Pitching for Balzac Rams : RHP John Harris
Pitching: RHP John Harris
Batting: LHB Richard Bell 0-0: Ball
1-0: Ball
2-0: SINGLE (Groundball, 34D)
Batting: LHB Buddy Rice 0-0: Ball
1-0: Called Strike
1-1: Swinging Strike
1-2: Ball
2-2: Fly out, F7 (Flyball, 78S)
Batting: RHB Dave Anderson 0-0: Ball
1-0: Ball
Wild Pitch!
Richard Bell to second
2-0: Called Strike
2-1: Ball
3-1: Base on Balls
Batting: RHB Robert Koremans 0-0: Called Strike
0-1: Ball
1-1: Grounds into double play, 6-4-3 (Groundball, 6)
Top of the 4th over - 0 runs, 1 hit, 0 errors, 1 left on base; Culver City 3 - Balzac 4
BOTTOM OF THE 4TH
Balzac Rams batting - Pitching for Culver City Extras : LHP Sebastián Cervantes
Batting: SHB Emílio Calvillo 0-0: Foul Ball, location: 2F
0-1: Ball
1-1: Ball
2-1: Foul Ball, location: 2F
2-2: Ball
3-2: Base on Balls
Batting: RHB Tommy Wilson 0-0: Called Strike
0-1: Ball
1-1: Ball
2-1: Swinging Strike
2-2: Fly out, F4 (Popup, 34D)
Batting: RHB Gunner Allen 0-0: Called Strike
Throwing error on steal attempt, E2
Emílio Calvillo to third
0-1: Foul Ball, location: 2F
0-2: Foul Ball, location: 2F
0-2: Foul Ball, location: 2F
0-2: Strikes out swinging
Batting: RHB Ken Longoria 0-0: Called Strike
0-1: SINGLE (Groundball, 4MD)
Emílio Calvillo scores
Batting: RHB Santiago Rivera 0-0: Ball
1-0: Fly out, F5 (Line Drive, 5)
Bottom of the 4th over - 1 run, 1 hit, 1 error, 1 left on base; Culver City 3 - Balzac 5
TOP OF THE 5TH
Culver City Extras batting - Pitching for Balzac Rams : RHP John Harris
Batting: RHB Horace Johnson 0-0: Ball
1-0: Ball
2-0: Ball
3-0: Called Strike
3-1: Called Strike
3-2: Base on Balls
Batting: LHB Jorge Martínez 0-0: Ball
1-0: Called Strike
1-1: DOUBLE (Line Drive, 78D)
Horace Johnson to third
Batting: LHB Randy Wiggins 0-0: Ball
1-0: Foul Ball, location: 2F
1-1: Ball
2-1: Fly out, F9 (Flyball, 9LMF)
Runner from 3rd tags up, SCORES, no throw
Batting: LHB Tony Smith 0-0: Called Strike
0-1: Swinging Strike
0-2: Strikes out looking
Batting: SHB Joey Boyd 0-0: Ball
1-0: Swinging Strike
1-1: Called Strike
1-2: Foul Ball, location: 2F
1-2: Ball
2-2: Strikes out swinging
Top of the 5th over - 1 run, 1 hit, 0 errors, 1 left on base; Culver City 4 - Balzac 5
BOTTOM OF THE 5TH
Balzac Rams batting - Pitching for Culver City Extras : LHP Sebastián Cervantes
Batting: RHB Jason Ward 0-0: Foul Ball, location: 2F
0-1: Ball
1-1: Foul Ball, location: 2F
1-2: Ball
2-2: Ground out 1-3 (Groundball, P)
Batting: LHB Troy Jackson 0-0: Ball
1-0: Ball
2-0: Called Strike
2-1: SINGLE (Groundball, 56S) (infield hit)
Batting: RHB Lorenzo Silva 0-0: Foul Ball, location: 2F
0-1: Grounds into double play, 6-4-3 (Groundball, 6)
Bottom of the 5th over - 0 runs, 1 hit, 0 errors, 0 left on base; Culver City 4 - Balzac 5
TOP OF THE 6TH
Culver City Extras batting - Pitching for Balzac Rams : RHP John Harris
Batting: LHB Richard Bell 0-0: Ball
1-0: Fly out, F7 (Flyball, 7S)
Batting: LHB Buddy Rice 0-0: Ball
1-0: Called Strike
1-1: Ball
2-1: Foul Ball, location: 2F
2-2: Ball
3-2: Fly out, F8 (Flyball, 8LXD)
Batting: RHB Dave Anderson 0-0: Ball
1-0: Ball
2-0: Bunt for hit - play at first, batter safe!
Batting: RHB Robert Koremans 0-0: Called Strike
0-1: Ball
1-1: Called Strike
1-2: Ball
2-2: Foul Ball, location: 2F
2-2: Foul Ball, location: 2F
2-2: Foul Ball, location: 2F
2-2: Foul Ball, location: 2F
2-2: Ball
Dave Anderson steals 2nd base
3-2: Reached on error, E6 (Groundball, 6)
Dave Anderson to third
Batting: RHB Horace Johnson 0-0: Ball
1-0: Foul Ball, location: 2F
1-1: Ball
2-1: Ball
3-1: Foul Ball, location: 2F
3-2: Foul Ball, location: 2F
3-2: Ground out 4-3 (Groundball, 34)
Top of the 6th over - 0 runs, 1 hit, 1 error, 2 left on base; Culver City 4 - Balzac 5
BOTTOM OF THE 6TH
Balzac Rams batting - Pitching for Culver City Extras : LHP Sebastián Cervantes
Batting: RHB Ricardo Muńóz 0-0: Ball
1-0: Ball
2-0: Called Strike
2-1: Swinging Strike
2-2: Foul Ball, location: 2F
2-2: Strikes out swinging
Batting: SHB Emílio Calvillo 0-0: Ball
1-0: Called Strike
1-1: Ball
2-1: Ball
3-1: Base on Balls
Pitching: RHP José García
Batting: RHB Tommy Wilson 0-0: Ball
Emílio Calvillo steals 2nd base
1-0: Called Strike
Emílio Calvillo steals 3rd base
1-1: SINGLE (Groundball, 6D)
Emílio Calvillo scores
Batting: RHB Gunner Allen 0-0: Called Strike
0-1: Foul Ball, location: 2F
0-2: Foul Ball, location: 2F
0-2: TRIPLE (Flyball, 89XD)
Tommy Wilson scores
Batting: RHB Ken Longoria 0-0: Swinging Strike
0-1: Called Strike
0-2: Ball
1-2: Ball
2-2: Fly out, F8 (Flyball, 8RM)
Runner from 3rd tags up, OUT at HOME
Bottom of the 6th over - 2 runs, 2 hits, 0 errors, 0 left on base; Culver City 4 - Balzac 7
TOP OF THE 7TH
Culver City Extras batting - Pitching for Balzac Rams : RHP John Harris
Pitching: LHP Ben Turner
Batting: LHB Jorge Martínez 0-0: Ball
1-0: Foul Ball, location: 2F
1-1: Foul Ball, location: 2F
1-2: Ball
2-2: Ball
3-2: Fly out, F7 (Flyball, 7LMF)
Batting: LHB Randy Wiggins 0-0: Called Strike
0-1: Swinging Strike
0-2: Ball
1-2: Ball
2-2: Ball
3-2: Base on Balls
Batting: LHB Tony Smith 0-0: Called Strike
0-1: Swinging Strike
0-2: Strikes out swinging
Batting: SHB Joey Boyd 0-0: Ball
1-0: Called Strike
1-1: Swinging Strike
1-2: Ground out 4-3 (Groundball, 4M)
Top of the 7th over - 0 runs, 0 hits, 0 errors, 1 left on base; Culver City 4 - Balzac 7
BOTTOM OF THE 7TH
Balzac Rams batting - Pitching for Culver City Extras : RHP José García
Batting: RHB Santiago Rivera 0-0: Called Strike
0-1: Foul Ball, location: 2F
0-2: Ground out 6-3 (Groundball, 6)
Batting: RHB Jason Ward 0-0: Ball
1-0: Fly out, F7 (Line Drive, 78M)
Batting: LHB Troy Jackson 0-0: Foul Ball, location: 2F
0-1: Ball
1-1: SINGLE (Groundball, 6D)
Batting: RHB Lorenzo Silva 0-0: Called Strike
Pickoff Throw to First - Out!
Bottom of the 7th over - 0 runs, 1 hit, 0 errors, 0 left on base; Culver City 4 - Balzac 7
TOP OF THE 8TH
Culver City Extras batting - Pitching for Balzac Rams : LHP Ben Turner
Batting: LHB Richard Bell 0-0: Ball
1-0: Ball
2-0: Ball
3-0: Called Strike
3-1: Base on Balls
Batting: LHB Buddy Rice 0-0: Foul Ball, location: 2F
0-1: Ball
1-1: Swinging Strike
1-2: Grounds into double play, 6-4-3 (Groundball, 56)
Batting: RHB Dave Anderson 0-0: Called Strike
0-1: Called Strike
0-2: Strikes out looking
Top of the 8th over - 0 runs, 0 hits, 0 errors, 0 left on base; Culver City 4 - Balzac 7
BOTTOM OF THE 8TH
Balzac Rams batting - Pitching for Culver City Extras : RHP José García
Batting: RHB Lorenzo Silva 0-0: Ball
1-0: TRIPLE (Line Drive, 89XD)
Batting: RHB Ricardo Muńóz 0-0: Ball
1-0: Swinging Strike
1-1: Swinging Strike
1-2: Ground out 6-3 (Groundball, 6)
Batting: SHB Emílio Calvillo 0-0: Called Strike
0-1: Ball
1-1: Foul Ball, location: 2F
1-2: DOUBLE (Line Drive, 7LS)
Lorenzo Silva scores
Batting: RHB Tommy Wilson 0-0: Foul Ball, location: 2F
0-1: Ball
1-1: Foul Ball, location: 2F
1-2: Fly out, F9 (Flyball, 9LS)
Batting: RHB Gunner Allen 0-0: Ball
1-0: Foul Ball, location: 2F
1-1: Called Strike
1-2: 2-RUN HOME RUN (Flyball, 78XD), Distance : 436 ft
Batting: RHB Ken Longoria 0-0: Foul Ball, location: 2F
0-1: Ball
1-1: Ball
2-1: Ball
3-1: Base on Balls
Batting: RHB Santiago Rivera 0-0: Called Strike
0-1: Foul Ball, location: 2F
0-2: Foul Ball, location: 2F
0-2: Ball
1-2: TRIPLE (Flyball, 7LD)
Ken Longoria scores
Batting: RHB Jason Ward 0-0: Called Strike
0-1: Ground out 6-3 (Groundball, 6)
Bottom of the 8th over - 4 runs, 4 hits, 0 errors, 1 left on base; Culver City 4 - Balzac 11
TOP OF THE 9TH
Culver City Extras batting - Pitching for Balzac Rams : LHP Ben Turner
Now at 1B: Rodney Harrison
Now in LF: Gerald Arnold
Now in RF: Carlos Romero
Batting: RHB Robert Koremans 0-0: Fly out, F8 (Flyball, 8LD)
Batting: RHB Horace Johnson 0-0: Swinging Strike
0-1: Foul Ball, location: 2F
0-2: Foul Ball, location: 2F
0-2: Ball
1-2: Ball
2-2: Foul Ball, location: 2F
2-2: Foul Ball, location: 2F
2-2: SINGLE (Line Drive, 34)
Batting: LHB Jorge Martínez 0-0: Called Strike
0-1: Ball
1-1: Called Strike
1-2: Ball
2-2: Foul Ball, location: 2F
2-2: SINGLE (Groundball, 56D)
Horace Johnson to second
Batting: LHB Randy Wiggins 0-0: Ball
1-0: Called Strike
1-1: Swinging Strike
1-2: Foul Ball, location: 2F
1-2: TRIPLE (Line Drive, 78XD)
Horace Johnson scores
Jorge Martínez scores
Batting: LHB Tony Smith 0-0: Ball
1-0: Ball
2-0: Foul Ball, location: 2F
2-1: Ground out 5-3 (Groundball, 56)
Randy Wiggins scores
Batting: SHB Joey Boyd 0-0: SINGLE (Flyball, 89S)
Batting: LHB Richard Bell 0-0: Ground out 3-1 (Groundball, 3L)
Top of the 9th over - 3 runs, 4 hits, 0 errors, 1 left on base; Culver City 7 - Balzac 11
Saturday, December 16th, 2017 - OOTP Baseball 18.8 Build 76